 Dungeon Crawl Stone Soup version 0.26.1-2-gb8aa6d0cf2 (webtiles) character file.

Game seed: 1059630639402266713

5947 ubername the Slicer (level 10, -6/77 HPs)
             Began as a Merfolk Monk on Feb 27, 2021.
             Was a Priest of Qazlal.
             Mangled by a two-headed ogre
             ... wielding a +0 giant club
              (23 damage)
             ... on level 9 of the Dungeon.
             The game lasted 00:38:15 (11580 turns).

ubername the Slicer (Merfolk Monk)                 Turns: 11580, Time: 00:38:16

Health: -6/77      AC: 14    Str: 18    XL:     10   Next: 84%
Magic:  5/10       EV: 15    Int: 11    God:    Qazlal [***...]
Gold:   337        SH:  9    Dex: 18    Spells: 9/9 levels left

rFire    + . .     SeeInvis +   b - +3 short sword (flame)
rCold    . . .     Faith    .   e - +0 buckler
rNeg     . . .     Spirit   .   i - +0 scale mail
rPois    .         Reflect  .   q - +1 helmet {SInv}
rElec    .         Harm     .   u - +0 cloak
rCorr    .         Rampage  .   w - +1 pair of gloves
Will     .....                  s - +0 pair of boots
Stlth    +.........             (no amulet)
HPRegen  0.22/turn              c - ring of protection from fire
MPRegen  0.12/turn              B - +6 ring of strength

@: about to teleport
A: change form in water, swift swim, stealthy swim
a: Renounce Religion, Upheaval, Elemental Force


You were on level 9 of the Dungeon.
You worshipped Qazlal.
Qazlal was most pleased with you.
You visited 2 branches of the dungeon, and saw 10 of its levels.
You also visited: Ossuary.

You collected 337 gold pieces.

Inventory:

Hand Weapons
 a - a +5 dagger of venom
 b - a +3 short sword of flaming (weapon)
 d - a +0 rapier
Missiles
 f - 318 stones (quivered)
 A - 37 poisoned darts
Armour
 e - a +0 buckler (worn)
 i - a +0 scale mail (worn)
 q - a +1 helmet of see invisible (worn)
 s - a +0 pair of boots (worn)
 u - a +0 cloak (worn)
 w - a +1 pair of gloves (worn)
 H - a +0 troll leather armour
Jewellery
 c - a ring of protection from fire (left hand)
 m - a +6 ring of intelligence
 r - an uncursed ring of resist corrosion
 y - an uncursed ring of ice
 B - a +6 ring of strength (right hand)
Wands
 C - a wand of iceblast (6)
Scrolls
 j - 5 scrolls of teleportation
 n - 6 scrolls of identify
 o - a scroll of immolation {unknown}
 t - 7 scrolls of remove curse
 x - a scroll of vulnerability {unknown}
 z - a scroll of enchant weapon
 D - 2 scrolls of enchant armour
 E - a scroll of noise {unknown}
Potions
 g - 3 potions of curing
 h - 3 potions of flight
 k - a potion of haste
 l - a potion of mutation {unknown}
 p - a potion of ambrosia {unknown}
 v - 2 potions of cancellation {unknown}
 G - a potion of heal wounds


   Skills:
 + Level 6.5 Fighting
 + Level 10.5 Short Blades
 * Level 7.8 Throwing
 + Level 4.6 Armour
 + Level 8.9 Dodging
 + Level 4.2 Stealth
 + Level 2.9 Shields
 + Level 0.6 Invocations


You had 9 spell levels left.
You didn't know any spells.
Your spell library contained the following spells:

 Spells                   Type           Power        Failure   Level
 Corona                   Hex            0%           77%         1
 Ensorcelled Hibernation  Hex/Ice        0%           88%         2
 Slow                     Hex            0%           88%         2
 Confusing Touch          Hex            0%           98%         3
 Dazzling Flash           Conj/Hex       0%           98%         3
 Inner Flame              Hex/Fire       0%           98%         3
 Portal Projectile        Hex/Tloc       0%           98%         3
 Tukima's Dance           Hex            0%           98%         3
 Cause Fear               Hex            0%           100%        4
 Leda's Liquefaction      Hex/Erth       0%           100%        4


Dungeon Overview and Level Annotations

Branches:
Dungeon (9/15)             Temple (1/1) D:5            Lair (0/6) D:8
Ossuary (visited)
    Orc: D:9-12

Altars:
Ashenzari
Cheibriados
Elyvilon
Fedhas
Gozag
Hepliaklqana
Kikubaaqudgha
Nemelex Xobeh
Okawaru
Qazlal
Ru
Sif Muna
Trog
Uskayaw
Wu Jian
Xom
Yredelemnul
Zin
The Shining One

Annotations:
D:4 Pikel
D:5 Menkaure


Message History

The white imp gestures at you.
The puff of frost hits you but does no damage.
The jelly barely misses you. You block the two-headed ogre's attack.
The two-headed ogre closely misses you.
You hit the jelly. You burn the jelly.
You kill the jelly!
Qazlal accepts your kill.
You puncture the two-headed ogre! You burn the two-headed ogre.
The two-headed ogre is heavily wounded.
The jackal barely misses you. You block the two-headed ogre's attack.
The two-headed ogre hits you but does no damage.
You hit the two-headed ogre. You burn the two-headed ogre.
The two-headed ogre is severely wounded.
The jackal closely misses you.
You puncture the two-headed ogre! You burn the two-headed ogre.
The two-headed ogre is almost dead.
The white imp gestures at you.
The puff of frost hits you but does no damage.
The two-headed ogre hits you with a +0 giant club!!
You die...

..........#.#.#
..#.#.........# #
##....<§..# #
#....§§#.## #.. #
#?...§§§§##....
..#.....§).......
...>...h..§§.....
.......O5##§§....
......h@## ##...#
.........# ...#
..........# ...
..........# ..
.../....###
......#..
.....##.. .....
...


You could see a two-headed ogre, a white imp and 2 jackals.

Vanquished Creatures
  Psyche (D:8)
  A troll (D:8)
  A hornet (D:7)
  2 yaks (D:7)
  2 wyverns (D:8)
  A basilisk (D:7)
  4 water moccasins
  3 sky beasts
  2 orc warriors
  2 ice beasts (D:8)
  A black bear (D:6)
  5 ogres
  A phantom (D:6)
  3 centaurs
  A big kobold (D:8)
  7 bullfrogs
  A gnoll sergeant (D:8)
  A water moccasin zombie (Ossuary)
  4 scorpions
  A killer bee (D:8)
  6 howler monkeys
  2 bullfrog zombies (D:5)
  3 jellies
  5 orc priests
  A centaur skeleton (D:7)
  5 hounds
  6 orc wizards
  A bullfrog skeleton (D:7)
  5 iguanas
  8 worker ants
  A killer bee zombie (D:7)
  2 big kobold zombies (Ossuary)
  2 mummies (Ossuary)
  Robin (D:2)
  6 gnolls
  A howler monkey skeleton (D:8)
  13 adders
  6 shadow imps
  3 white imps
  2 adder skeletons (D:7)
  9 adder zombies
  A worm (D:3)
  A dart slug (D:1)
  4 leopard geckos
  32 orcs
  5 bats
  5 giant cockroaches
  A gnoll zombie (Ossuary)
  10 goblins
  9 hobgoblins
  7 jackals
  9 kobolds
  4 quokkas
  A ball python (D:2)
  3 frilled lizards
  5 hobgoblin zombies (Ossuary)
  5 kobold zombies (Ossuary)
  5 orc zombies (Ossuary)
  A quokka skeleton (D:8)
  A quokka zombie (D:5)
  2 rats
243 creatures vanquished.

Vanquished Creatures (collateral kills)
  An orc (D:9)
1 creature vanquished.

Vanquished Creatures (others)
  13 fungi
  7 plants (D:8)
20 creatures vanquished.

Grand Total: 264 creatures vanquished

Notes
Turn   | Place    | Note
-------+----------+-------------------------------------------
     0 | D:1      | ubername the Merfolk Monk began the quest for the Orb.
     0 | D:1      | Reached XP level 1. HP: 18/18 MP: 1/1
   324 | D:1      | Reached XP level 2. HP: 24/24 MP: 2/2
  1089 | D:2      | Reached skill level 4 in Short Blades
  1119 | D:2      | Reached XP level 3. HP: 30/30 MP: 3/3
  1422 | D:2      | Noticed Robin
  1452 | D:3      | Reached skill level 1 in Throwing
  1702 | D:2      | Killed Robin
  2031 | D:2      | Reached XP level 4. HP: 22/37 MP: 4/4
  2647 | D:3      | Reached XP level 5. HP: 30/42 MP: 5/5
  3285 | D:3      | Found a sacrificial altar of Ru.
  3651 | D:3      | Reached skill level 5 in Dodging
  3847 | D:4      | Reached skill level 5 in Short Blades
  3852 | D:4      | Reached XP level 6. HP: 37/48 MP: 6/6
  3941 | D:4      | Noticed Menkaure
  3959 | D:5      | Entered Level 5 of the Dungeon
  4020 | D:5      | Noticed a sky beast
  4317 | D:5      | Reached XP level 7. HP: 54/54 MP: 7/7
  4404 | D:5      | Reached skill level 6 in Short Blades
  4866 | D:5      | Reached skill level 1 in Armour
  4982 | D:5      | Found a staircase to the Ecumenical Temple.
  4997 | Temple   | Entered the Ecumenical Temple
  5168 | D:5      | Reached XP level 8. HP: 55/61 MP: 8/8
  5192 | D:5      | Reached skill level 5 in Throwing
  5222 | D:5      | Reached skill level 7 in Short Blades
  6168 | D:6      | Found a bloodstained altar of Trog.
  6168 | D:6      | Found a shimmering altar of Xom.
  6168 | D:6      | Found a shimmering blue altar of Sif Muna.
  6168 | D:6      | Found a hazy altar of Hepliaklqana.
  6222 | D:4      | Noticed Pikel
  6629 | D:6      | Found a stormy altar of Qazlal.
  7046 | D:6      | Reached skill level 5 in Fighting
  7108 | D:6      | Reached skill level 8 in Short Blades
  7108 | D:6      | Reached XP level 9. HP: 57/68 MP: 9/9
  7681 | D:6      | Became a worshipper of Qazlal Stormbringer
  7681 | D:6      | Reached * piety under Qazlal
  7681 | D:6      | Reached ** piety under Qazlal
  8149 | D:7      | Found an opulent altar of Gozag.
  8151 | D:7      | Found a basalt altar of Yredelemnul.
  8151 | D:7      | Found an iron altar of Okawaru.
  8154 | D:7      | Found an ornate altar of the Wu Jian Council.
  8230 | D:7      | Got a polished whip
  8232 | D:7      | Identified the cursed +0 whip of Boas Xit {pain, *Slow rC++
                  | rN+ Str+2} (You found it on level 7 of the Dungeon)
  8376 | D:7      | Found a sand-covered staircase.
  8388 | Ossuary  | Entered an ossuary
  8520 | Ossuary  | Reached skill level 9 in Short Blades
  8892 | D:8      | Noticed Psyche
  8900 | D:8      | Noticed a gargoyle
  8904 | D:8      | Killed Psyche
  9437 | D:8      | Noticed a hornet
  9457 | D:7      | Killed a hornet
  9458 | D:7      | Reached XP level 10. HP: 10/76 MP: 10/10
  9800 | D:7      | Reached skill level 1 in Shields
  9807 | D:7      | Reached *** piety under Qazlal
 10763 | D:8      | Found a staircase to the Lair.
 10803 | D:8      | Reached skill level 10 in Short Blades
 11289 | D:8      | Found a shimmering altar of Xom.
 11550 | D:9      | Noticed a two-headed ogre
 11580 | D:9      | Mangled by a two-headed ogre

Illustrated notes

Levels and vault maps discovered:
D:1:      minmay_arrival_jagged, layout_loops_ring
D:2:      layout_basic, uniq_robin
D:3:      layout_basic, general_overflow_altar
D:4:      layout_cave_pools, grunt_temple_overflow_lords_of_destruction,
          kennysheep_little_box, ebering_ghost_sewer_d, uniq_menkaure,
          uniq_crazy_yiuf_cottage, uniq_natasha, uniq_pikel
D:5:      kennysheep_spiral_hall, layout_basic, temple_pool_b, hex_intersection,
          chequers_serial_rivers_micro_e, kennysheep_decorative_pillar
D:6:      layout_basic, chequers_temple_overflow_statue_of_worship,
          overflow_temple_1_default, serial_aquarium,
          aquarium_bridge_island_small [aquarium_subvault_small_open,
          aquarium_subvault_bridge, aquarium_subvault_bridge,
          aquarium_subvault_wall, aquarium_subvault_balcony],
          aquarium_bridge_square [aquarium_subvault_bridge,
          aquarium_subvault_bridge, aquarium_subvault_bridge,
          aquarium_subvault_bridge], aquarium_window_1, aquarium_window_fake,
          aquarium_window_1, aquarium_window_1, aquarium_view_2a,
          aquarium_view_2b, grunt_ministairs_1
D:7:      layout_cave_pools, grunt_temple_overflow_open, enter_ossuary_5
D:8:      layout_basic, minmay_lair_entry_grove, tgw_xom, uniq_psyche
D:9:      layout_cave_pools
Temple:   nicolae_temple_figure_zero

Skill      XL: |  1  2  3  4  5  6  7  8  9 10 |
---------------+-------------------------------+-----
Short Blades   | 4 5 6 8 9 10 | 10.5
Throwing       | 1 2 3 4 5 7 |  7.8
Fighting       | 4 5 6 |  6.5
Dodging        | 5 6 7 8 |  8.9
Armour         | 1 2 3 4 |  4.6
Stealth        | 3 4 |  4.2
Shields        | 2 |  2.9
Invocations    | |  0.6

Action                   |  1- 3 |  4- 6 |  7- 9 | 10-12 || total
-------------------------+-------+-------+-------+-------++-------
Melee: Short sword       |   108 |    52 |    33 |   180 ||   373
       Dagger            |       |    76 |   561 |    51 ||   688
       Tailslap          |       |       |     2 |       ||     2
Throw: Dart              |    31 |    42 |     5 |       ||    78
       Stone             |       |       |    24 |     1 ||    25
Invok: Upheaval          |       |       |     3 |     1 ||     4
       Elemental Force   |       |       |       |     1 ||     1
  Use: Scroll            |     2 |     3 |     7 |     4 ||    16
       Potion            |       |     1 |     8 |       ||     9
 Stab: Sleeping          |     1 |       |       |       ||     1
Armor: Robe              |    14 |    25 |       |       ||    39
       Leather armour    |       |     3 |    66 |       ||    69
       Scale mail        |       |       |    15 |    63 ||    78
Dodge: Dodged            |    99 |   101 |   297 |   126 ||   623
Block: Other             |       |       |    22 |    26 ||    48
       Buckler           |       |       |       |    46 ||    46
